 Dungeon Crawl Stone Soup version 0.31.0-1-g2c135a008e (webtiles) character file.

Game seed: 6454443843722612998

60 qw the Shooter (level 4, -3/35 HPs)
             Began as a Djinni Hunter on Jan 23, 2024.
             Slain by a gnoll
             ... wielding a +0 halberd
              (10 damage)
             ... on level 2 of the Dungeon.
             The game lasted 00:00:03 (846 turns).

qw the Shooter (Djinni Hunter)                       Turns: 846, Time: 00:00:03

Health: -3/35      AC:  3    Str: 10    XL:     4   Next: 25%
Gold:   17         EV: 12    Int: 10    God:
                   SH:  0    Dex: 19

rFire   + + .        a - +0 shortbow
rCold   x . .        (shield currently unavailable)
rNeg    . . .        c - +0 leather armour
rPois   inf          (no helmet)
rElec   .            (no cloak)
rCorr   .            (no gloves)
SInv    .            (boots unavailable)
Will    .....        g - amulet of regeneration
Stlth   ++           (no ring)
HPRegen 1.05/turn    (no ring)
MPRegen 0.00/turn

%: infuse magic (-4 HP)
@: flying
A: sickness immunity, fire resistance 2, cold vulnerability 1, float, innate
caster, HP casting, extra vitality 1
a: no special abilities


You were on level 2 of the Dungeon.
You visited 1 branch of the dungeon, and saw 2 of its levels.

You collected 17 gold pieces.


Innate Abilities, Weirdness & Mutations

You are immune to sickness and miasma.
You are immune to poison.
Your flesh is very heat resistant. (rF++)
You are vulnerable to cold. (rC-)
You float through the air rather than walking.
You learn spells naturally, not from books.
Your magical power is your life essence.
You have superior vitality. (+4 MHP)


   Skills:
 - Level 3.0 Fighting
 - Level 4.0 Ranged Weapons
 + Level 2.6 Dodging
 - Level 0.7 Stealth


You knew the following spells:

 Your Spells              Type           Power      Damage    Failure   Level
a - Sting                 Conj/Alch      0%         1d3       45%         1
Your spell library was empty.

Inventory:

Hand Weapons
 a - a +0 shortbow (weapon)
Armour
 c - a +0 leather armour (worn)
Jewellery
 g - an amulet of regeneration (around neck)
Potions
 d - a potion of heal wounds {unknown}
 f - a potion of might {unknown}
 h - a potion of enlightenment {unknown}

Dungeon Overview and Level Annotations

Branches:
Dungeon (2/15)

Altars:


Message History

The gnoll hits you from afar with a +0 spear!
The jackal bites you but does no damage.
You shoot an arrow. The arrow hits the jackal.
The jackal is severely wounded.
The jackal bites you but does no damage.
A gnoll comes into view. It is wielding a +0 halberd.
The gnoll closely misses you.
You shoot an arrow. The arrow closely misses the jackal.
The jackal bites you but does no damage.
The gnoll closely misses you. The jackal bites you.
You shoot an arrow. The arrow hits the jackal.
You kill the jackal!
The gnoll hits you from afar with a +0 halberd!
A gnoll comes into view. It is wielding a +0 spear.
The gnoll hits you but does no damage.
The gnoll hits you from afar with a +0 halberd!
The gnoll barely misses you.
Enter note:
Enter note:
841 ||| RETREEEEATING.
The gnoll hits you from afar with a +0 halberd!
Enter note:
842 ||| RETREEEEATING.
A gnoll comes into view. It is wielding a +0 club.
The gnoll hits you from afar with a +0 spear.
You see here a +0 sling.
You shoot an arrow. The arrow hits the gnoll.
You kill the gnoll!
You shoot an arrow. The arrow hits the gnoll.
The gnoll is lightly wounded.
The gnoll closely misses you.
You shoot an arrow. The arrow hits the gnoll.
The gnoll is heavily wounded.
You hear a shout!
The gnoll barely misses you. The gnoll hits you but does no damage.
You shoot an arrow. The arrow hits the gnoll.
The gnoll is severely wounded.
The gnoll hits you but does no damage. The gnoll barely misses you.
The gnoll hits you from afar with a +0 halberd!
You die...

##.......# .....
####........# .<.#
.........##.# ...#
.........##.######...##.
........###.#..........#
........###......g....##
...##.......#....g..g..#
...####.#.######.#....#.
...>###.#.# #@# ...#
##..%...#.# #g# ..#
###.#####.# #.# .#
.##.#####.# #.. #
..........# ##.
###.####### $. ....# #.
##### ..


You could see 3 gnolls.

Vanquished Creatures
  A gnoll (D:2)
  2 adders (D:2)
  2 ball pythons
  3 endoplasms (D:1)
  A giant cockroach (D:1)
  2 goblins (D:1)
  3 hobgoblins
  4 jackals
  6 kobolds (D:1)
  A quokka (D:1)
  A bat (D:1)
  2 frilled lizards (D:1)
  2 rats
30 creatures vanquished.

Notes
Turn   | Place    | Note
-------+----------+-------------------------------------------
     0 | D:1      | qw the Djinni Hunter began the quest for the Orb.
     0 | D:1      | Reached XP level 1. HP: 18/18 MP: 0/0
     0 | D:1      | 0 ||| qw: Version: 0.3-a-135-gb77e89d
     0 | D:1      | 0 ||| qw: Game counter: 944
     0 | D:1      | 0 ||| qw: Melee chars always use a shield: true
     0 | D:1      | 0 ||| qw: God list: Okawaru
     0 | D:1      | 0 ||| qw: Allow faded altars: false
     0 | D:1      | 0 ||| qw: Do Orc after clearing Dungeon:15 true
     0 | D:1      | 0 ||| qw: Do second Lair branch before Depths: true
     0 | D:1      | 0 ||| qw: Lair rune preference: random
     0 | D:1      | 0 ||| qw: Goals: Normal
     0 | D:1      | 0 ||| PLANNING D:1-11
    12 | D:1      | 12 ||| RETREEEEATING.
    14 | D:1      | 14 ||| RETREEEEATING.
    18 | D:1      | Reached XP level 2. HP: 21/23 MP: 0/0
   225 | D:1      | Reached XP level 3. HP: 28/28 MP: 0/0
   225 | D:1      | Learned a level 1 spell: Sting
   227 | D:1      | Reached skill level 4 in Ranged Weapons
   626 | D:1      | 626 ||| UPGRADING to amulet of regeneration.
   631 | D:1      | 631 ||| READING scroll labelled WOSIEH KIUNOI.
   635 | D:1      | 635 ||| READING scroll labelled VECROSCHIXOY.
   636 | D:1      | 636 ||| DROPPING scroll of butterflies.
   771 | D:2      | Reached skill level 3 in Fighting
   771 | D:2      | Reached XP level 4. HP: 35/35 MP: 0/0
   841 | D:2      | 841 ||| RETREEEEATING.
   841 | D:2      | HP: 5/35 [gnoll/+0 halberd (7)]
   842 | D:2      | 842 ||| RETREEEEATING.
   842 | D:2      | HP: 2/35 [gnoll/+0 spear (4)]
   846 | D:2      | Slain by a gnoll

Levels and vault maps discovered:
D:1:      minmay_arrival_glassed_features, layout_loops_cross
D:2:      layout_loops_cross, amcnicky_mini_pool_small

Skill      XL: |  1  2  3 |
---------------+----------+-----
Ranged Weapons | 4 |  4.0
Fighting       | 3 |  3.0
Dodging        | |  2.6
Stealth        | |  0.7

Action                     |  1- 3 |  4- 6 || total
---------------------------+-------+-------++-------
   Fire: Shortbow          |    78 |    11 ||    89
    Use: Scroll            |     2 |       ||     2
 Armour: Leather armour    |    15 |    13 ||    28
  Dodge: Dodged            |    29 |     8 ||    37

Table legend:
 A = Non-vault XP
 B = Vault XP
 C = Vault XP percentage of total XP
 D = Non-vault monster count
 E = Vault monster count
 F = Vault count percentage of total count
                 A         B        C        D         E       F
            +---------+---------+-------+---------+---------+-------
      Total |      87 |       0 |   0.0 |      30 |       0 |   0.0
            +---------+---------+-------+---------+---------+-------
        D:1 |      40 |       0 |   0.0 |      23 |       0 |   0.0
        D:2 |      47 |       0 |   0.0 |       7 |       0 |   0.0
            +---------+---------+-------+---------+---------+-------
